 Dungeon Crawl Stone Soup version 0.26.1-11-gd32895ea62 (webtiles) character file.

Game seed: 13408196085109135412

23 tizbic2 the Stinger (level 2, 0/24 HPs)
             Began as an Ogre Venom Mage on June 27, 2021.
             Slain by an adder (2 damage)
             ... on level 1 of the Dungeon.
             The game lasted 00:05:15 (877 turns).

tizbic2 the Stinger (Ogre Venom Mage)                Turns: 877, Time: 00:05:17

Health: 0/24       AC:  3    Str: 11    XL:     2   Next: 95%
Magic:  3/5        EV: 10    Int: 14    God:
Gold:   22         SH:  0    Dex:  9    Spells: 5/6 levels left

rFire    + . .     SeeInvis .   h - +2 hand axe (elec)
rCold    + . .     Faith    .   (no shield)
rNeg     . . .     Spirit   .   a - +0 robe
rPois    .         Reflect  .   (helmet restricted)
rElec    .         Harm     .   (no cloak)
rCorr    .         Rampage  .   (gloves unavailable)
Will     .....                  (boots unavailable)
Stlth    ++........             (no amulet)
HPRegen  0.08/turn              c - ring of protection from cold
MPRegen  0.09/turn              (no ring)

@: lethally poisoned (0 -> -14), very slightly contaminated
A: large, unfitting armour, hooves 1, camouflage 1, dopey 1, fire resistance 1,
tough skin 1
a: no special abilities


You were on level 1 of the Dungeon.
You visited 1 branch of the dungeon, and saw 2 of its levels.

You collected 22 gold pieces.

Inventory:

Hand Weapons
 h - a +2 hand axe of electrocution (weapon)
Missiles
 b - 49 stones (quivered)
 f - 5 large rocks
Armour
 a - a +0 robe (worn)
Jewellery
 c - a ring of protection from cold (left hand)
Scrolls
 e - a scroll of enchant armour {unknown}
 g - 2 scrolls of remove curse
 i - a scroll of random uselessness {unknown}
 j - a scroll of identify


   Skills:
 + Level 2.0 Dodging
 - Level 1.4 Stealth
 + Level 2.9 Spellcasting
 + Level 1.2 Transmutations
 + Level 3.1 Poison Magic


You had 5 spell levels left.
You knew the following spells:

 Your Spells              Type           Power        Failure   Level
a - Sting                 Tmut/Pois      32%          9%          1

Your spell library contained the following spells:

 Spells                   Type           Power        Failure   Level
 Poisonous Vapours        Pois/Air       12%          17%         2
 Ignite Poison            Fire/Tmut/Pois 6%           34%         3
 Mephitic Cloud           Conj/Pois/Air  4%           38%         3
 Olgreb's Toxic Radiance  Pois           10%          52%         4


Dungeon Overview and Level Annotations

Branches:
Dungeon (2/15)

Altars:
Ashenzari


Innate Abilities, Weirdness & Mutations

You are too large for most types of armour.
You have tough skin. (AC +1)
You have large cloven feet.
Your skin changes colour to match your surroundings (Stealth+).
You are dopey. (Int -2)
Your flesh is heat resistant. (rF+)


Message History

Casting: Sting (safe; 9% risk of failure)
Confirm with . or Enter, or press ? or * to list all spells.
Aiming: Sting (safe; 9% risk of failure)
Press: ? - help, Shift-Dir - straight line, f - adder
Aim: an adder (severely wounded, 52% to evade)
You miscast Sting.
You are very lightly contaminated with residual magic.
Nothing appears to happen.
The adder barely misses you. The adder bites you.
* * * LOW HITPOINT WARNING * * *
You are more poisoned.
The adder poisons you!
Casting: Sting (safe; 9% risk of failure)
Confirm with . or Enter, or press ? or * to list all spells.
Aiming: Sting (safe; 9% risk of failure)
Press: ? - help, Shift-Dir - straight line, f/p - adder
Aim: an adder (severely wounded, 52% to evade)
The sting misses the adder.
* * * LOW HITPOINT WARNING * * *
You feel sick. The adder bites you.
You die...

#...## ####.###......... #....##
#...#.#....... #.....##
###............
####......####....####.......
#...##....##...#### #.......
#...####..#..##### #.......
#................### #.#.....
#####...#......S.......###....#..
#.....####.....>@.......##...####
#.......................##.#..8..
#####..##..............(......#..
##(###......#.............#..
#....####................#..
####...###...............8..
###..................##.#
#######.................#..
#####.................[........


You could see an adder.

Vanquished Creatures
  An ooze (D:1)
  A dart slug (D:1)
  A leopard gecko (D:1)
  A giant cockroach (D:1)
  3 hobgoblins (D:1)
  4 bats (D:1)
  3 goblins (D:1)
  A rat (D:1)
15 creatures vanquished.

Notes
Turn   | Place    | Note
-------+----------+-------------------------------------------
     0 | D:1      | tizbic2 the Ogre Venom Mage began the quest for the Orb.
     0 | D:1      | Reached XP level 1. HP: 16/16 MP: 3/3
    83 | D:1      | Found a broken altar of Ashenzari.
   100 | D:1      | Reached skill level 3 in Poison Magic
   104 | D:1      | Reached XP level 2. HP: 22/24 MP: 1/5
   148 | D:1      | Gained mutation: Your muscles are strong. (Str +2) [potion
                  | of mutation]
   148 | D:1      | Lost mutation: Your muscles are strong. (Str +2) [potion of
                  | mutation]
   148 | D:1      | Gained mutation: You have sharp fingernails. [potion of
                  | mutation]
   230 | D:1      | Lost mutation: You have sharp fingernails. [potion of
                  | mutation]
   230 | D:1      | Gained mutation: You have large cloven feet. [potion of
                  | mutation]
   230 | D:1      | Gained mutation: Your flesh is heat resistant. (rF+)
                  | [potion of mutation]
   230 | D:1      | Gained mutation: You are dopey. (Int -2) [potion of
                  | mutation]
   230 | D:1      | Gained mutation: Your skin changes colour to match your
                  | surroundings (Stealth+). [potion of mutation]
   504 | D:1      | Reached skill level 1 in Transmutations
   877 | D:1      | Slain by an adder

Illustrated notes

Levels and vault maps discovered:
D:1:      scummos_arrival_simple_crosswalls, layout_rooms,
          evilmike_ruin_ashenzari
D:2:      layout_basic, chequers_ecumenical_altar_twisty,
          hangedman_decor_lopped, minmay_misc_feat_columns, uniq_sigmund

Skill      XL: |  1  2 |
---------------+-------+-----
Poison Magic   | 3 |  3.1
Transmutations | 1 |  1.2
Dodging        | 2 |  2.0
Stealth        | |  1.4
Spellcasting   | |  2.9

Action                   || total
-------------------------++-------
Melee: Unarmed           ||    26
       Hand axe          ||    11
       Kick              ||     5
Throw: Stone             ||    21
 Cast: Sting             ||    18
  Use: Potion            ||     3
       Scroll            ||     1
 Stab: Sleeping          ||     1
Armor: Robe              ||    22
Dodge: Dodged            ||    48
